 Dungeon Crawl Stone Soup version 0.27-a0-1202-ge72e49191c (webtiles) character file.

Game seed: 5375600096795641642

7068 streetpizza the Destroyer (level 11, -27/68 HPs)
             Began as a Tengu Conjurer on June 4, 2021.
             Was a Believer of Vehumet.
             Killed from afar by a deep elf knight (29 damage)
             ... with a shard of ice
             ... on level 10 of the Dungeon.
             The game lasted 00:46:43 (12774 turns).

streetpizza the Destroyer (Tengu Conjurer)         Turns: 12774, Time: 00:46:44

Health: -27/68     AC:  4    Str: 13    XL:     11   Next: 9%
Magic:  5/24       EV:  9    Int: 22    God:    Vehumet [**....]
Gold:   568        SH:  0    Dex: 13    Spells: 19/26 levels left

rFire    . . .     SeeInvis .   q - +3 quarterstaff (chaos)
rCold    + . .     Faith    .   (shield currently unavailable)
rNeg     . . .     Spirit   .   a - +0 robe
rPois    .         Reflect  .   (helmet restricted)
rElec    .         Harm     .   r - +0 cloak
rCorr    .         Rampage  .   j - +0 pair of gloves
Will     .....                  (boots unavailable)
Stlth    ++........             (no amulet)
HPRegen  0.21/turn              J - +6 ring of strength
MPRegen  0.19/turn              y - ring of protection from cold

@: marked, flying quickly and evasively, very slightly contaminated, held,
slowed, very slow
A: beak, talons 3, nimble flight
a: Renounce Religion


You were on level 10 of the Dungeon.
You worshipped Vehumet.
Vehumet was pleased with you.
You visited 2 branches of the dungeon, and saw 11 of its levels.

You collected 568 gold pieces.

Inventory:

Hand Weapons
 h - a +2 dagger of venom
 q - a +3 quarterstaff of chaos (weapon)
 t - a +2 whip of freezing
Missiles
 I - 2 throwing nets
Armour
 a - a +0 robe (worn)
 j - a +0 pair of gloves (worn)
 l - a +1 leather armour of willpower
 r - a +0 cloak (worn)
Jewellery
 f - a ring of positive energy
 p - a ring of fire
 y - a ring of protection from cold (right hand)
 G - an amulet of faith
 J - a +6 ring of strength (left hand)
Wands
 d - a wand of flame (29)
 x - a wand of polymorph (17)
 K - a wand of iceblast (10)
 L - a wand of mindburst (6)
 N - a wand of paralysis (8)
Scrolls
 e - 14 scrolls of identify {unknown}
 g - 4 scrolls of amnesia {unknown}
 i - a scroll of fear {unknown}
 k - 3 scrolls of blinking {unknown}
 n - 3 scrolls of noise {unknown}
 o - 3 scrolls of teleportation {unknown}
 w - a scroll of enchant armour {unknown}
 D - a scroll of immolation {unknown}
 E - a scroll of vulnerability {unknown}
 F - a scroll of magic mapping {unknown}
 H - a scroll of holy word {unknown}
 M - a scroll of brand weapon {unknown}
Potions
 b - a potion of lignification {unknown}
 c - 3 potions of might {unknown}
 m - 6 potions of curing
 s - a potion of mutation {unknown}
 u - 2 potions of ambrosia {unknown}
 v - 3 potions of resistance {unknown}
 z - a potion of degeneration {unknown}
 A - a potion of berserk rage
 B - 2 potions of heal wounds {unknown}
 C - a potion of flight {unknown}


   Skills:
 + Level 8.3 Fighting
 - Level 7.6 Dodging
 - Level 2.0 Stealth
 + Level 8.0 Spellcasting
 + Level 11.9 Conjurations
 + Level 5.3 Fire Magic


You had 19 spell levels left.
You knew the following spells:

 Your Spells              Type           Power      Damage    Failure   Level
a - Magic Dart            Conj           100%       1d8       1%          1
b - Searing Ray           Conj           100%       3d7       1%          2
c - Iskenderun's Mystic   Conj/Tloc      35%        2d8       6%          4

Your spell library contained the following spells:

 Spells                   Type           Power      Damage    Failure   Level
 Poisonous Vapours        Pois/Air       16%        N/A       11%         2
 Dazzling Flash           Conj/Hex       70%        N/A       1%          3
 Iskenderun's Battlesphe  Conj           57%        2d11      1%          5
 Fulminant Prism          Conj/Hex       17%        3d11      6%          4
 Hailstorm                Conj/Ice       35%        3d9       6%          4
 Animate Skeleton         Necr           16%        N/A       8%          1
 Apportation              Tloc           16%        N/A       8%          1
 Corona                   Hex            8%         N/A       8%          1
 Freeze                   Ice            32%        1d5       8%          1
 Summon Small Mammal      Summ           32%        N/A       8%          1
 Call Imp                 Summ           8%         N/A       11%         2
 Bolt of Magma            Conj/Fire/Erth 17%        4d9       19%         5
 Call Canine Familiar     Summ           8%         N/A       22%         3
 Confusing Touch          Hex            8%         N/A       22%         3
 Frozen Ramparts          Ice            16%        1d3       22%         3
 Gell's Gravitas          Tloc           4%         N/A       22%         3
 Ozocubu's Armour         Ice            8%         N/A       22%         3
 Summon Guardian Golem    Hex/Summ       8%         N/A       22%         3
 Orb of Destruction       Conj           28%        9d11      43%         7
 Petrify                  Tmut/Erth      8%         N/A       58%         4
 Summon Ice Beast         Ice/Summ       8%         N/A       58%         4
 Summon Lightning Spire   Summ/Air       8%         N/A       58%         4
 Iron Shot                Conj/Erth      17%        9d4       69%         6
 Metabolic Englaciation   Hex/Ice        4%         N/A       90%         5
 Yara's Violent Unravell  Hex/Tmut       4%         3d4       90%         5
 Spellforged Servitor     Conj/Summ      17%        N/A       99%         7


Dungeon Overview and Level Annotations

Branches:
Dungeon (10/15)            Temple (1/1) D:5            Lair (0/6) D:8
    Orc: D:9-12

Altars:
Ashenzari
Elyvilon
Fedhas
Gozag
Hepliaklqana
Kikubaaqudgha
Makhleb
Nemelex Xobeh
Ru
Sif Muna
Trog
Uskayaw
Vehumet
Wu Jian
Xom
Yredelemnul
Zin

Shops:
D:2 (

Annotations:
D:10 Erica, Harold, Urug


Innate Abilities, Weirdness & Mutations

You have a beak for a mouth.
You have claws for feet.
Your magical nature lets you fly swiftly and evasively.


Message History

* * * LOW HITPOINT WARNING * * *
Something burns you.
* * * LOW HITPOINT WARNING * * *
Harold casts a spell at you. The mark upon you grows brighter.
Unknown command.
Casting: Iskenderun's Mystic Blast (dangerous; 6% risk of failure)
Confirm with . or Enter, or press ? or * to list all spells.
You erupt in a blast of force!
The mystic blast hits the deep elf knight!
The deep elf knight is moderately wounded.
The deep elf knight is knocked back by the mystic blast.
The deep elf knight slams into the rock wall!
The mystic blast hits something.
The mystic blast hits Urug but does no damage.
The mystic blast hits Harold!
Harold is lightly wounded.
Harold is knocked back by the mystic blast.
Harold collides with Urug!
The mystic blast hits something.
The deep elf knight gestures at you while chanting.
The lance of force hits something.
Something collides with you!
* * * LOW HITPOINT WARNING * * *
Unknown command.
Casting: Iskenderun's Mystic Blast (dangerous; 6% risk of failure)
Confirm with . or Enter, or press ? or * to list all spells.
You erupt in a blast of force!
The mystic blast hits the deep elf knight!
The deep elf knight is heavily wounded.
The deep elf knight is knocked back by the mystic blast.
The deep elf knight slams into the rock wall!
The mystic blast hits Urug but does no damage.
Urug is lightly wounded.
The mystic blast hits something!
The mystic blast hits Harold!
Harold is moderately wounded.
Harold is knocked back by the mystic blast.
Harold collides with Urug!
The mystic blast hits something!
Harold closely misses you.
The deep elf knight points at you and mumbles some strange words.
The shard of ice hits you!! You partially resist.
You die...

##.##### #.
#......# ##
#########..#####
#.......#..#
#.#####.#..#
##.#####.#..#
#...##......##
#......#.#...###
#..@####>......#
####@......#...###
#..oe....####.##
#.....##.###.# #.#
..... #.# #.# #.#
.... #.# #.# #+#
### ..# #.# # ...
..# .## ###


You could see Harold, Urug and a deep elf knight.

Vanquished Creatures
  A hydra (D:9)
  2 two-headed ogres (D:9)
  Pikel (D:4)
  A troll (D:8)
  A hornet (D:9)
  Grinder (D:4)
  3 yaks (D:9)
  3 steam dragons
  Menkaure (D:4)
  3 water moccasins
  4 orc warriors
  2 black bears
  A sky beast (D:7)
  An ogre (D:6)
  3 centaurs
  A lemure (D:4)
  2 phantoms
  2 bullfrogs (D:8)
  A scorpion (D:5)
  A water moccasin zombie (D:5)
  7 wights
  2 electric eels (D:8)
  5 orc priests
  2 gnoll shamans
  Crazy Yiuf (D:4)
  8 hounds
  A jelly (D:6)
  Natasha (thrice) (D:4)
  Terence (D:2)
  An iguana (D:5)
  7 orc wizards
  2 killer bee zombies
  Robin (D:2)
  2 adders
  10 gnolls
  An ufetubus (D:5)
  An adder skeleton (D:4)
  2 worms (D:3)
  2 dart slugs
  27 orcs
  5 ball pythons
  5 endoplasms
  3 giant cockroaches
  16 goblins
  6 hobgoblins
  7 jackals
  A quokka (D:4)
  3 bats
  6 frilled lizards
  11 kobolds
  7 rats
191 creatures vanquished.

Vanquished Creatures (others)
  An orc (D:7)
1 creature vanquished.

Grand Total: 192 creatures vanquished

Notes
Turn   | Place    | Note
-------+----------+-------------------------------------------
     0 | D:1      | streetpizza the Tengu Conjurer began the quest for the Orb.
     0 | D:1      | Reached XP level 1. HP: 10/10 MP: 4/4
   292 | D:1      | Reached XP level 2. HP: 16/16 MP: 0/6
   356 | D:1      | Found a faded altar of an unknown god.
   545 | D:1      | Learned a level 2 spell: Searing Ray
   778 | D:1      | Reached skill level 1 in Fighting
   886 | D:1      | Reached XP level 3. HP: 20/20 MP: 4/7
  1779 | D:2      | Noticed Robin
  1798 | D:2      | Killed Robin
  1804 | D:2      | Reached XP level 4. HP: 16/25 MP: 1/8
  1823 | D:2      | Found Ecleyceph's Weapon Emporium.
  2145 | D:2      | Noticed Terence
  2154 | D:2      | Killed Terence
  2155 | D:2      | Reached skill level 6 in Conjurations
  2814 | D:3      | Found a sparkling altar of Nemelex Xobeh.
  3151 | D:3      | Gained mutation: Your magical nature lets you fly swiftly
                  | and evasively. [Tengu growth]
  3151 | D:3      | Reached XP level 5. HP: 29/30 MP: 7/10
  3452 | D:3      | Found a burning altar of Makhleb.
  3575 | D:3      | Found a white marble altar of Elyvilon.
  3925 | D:4      | Noticed a lemure
  3925 | D:4      | Noticed a lemure
  3925 | D:4      | Noticed a lemure
  3925 | D:4      | Noticed Pikel
  3946 | D:4      | Killed a lemure
  4066 | D:4      | Found a runed translucent door.
  4067 | D:4      | Noticed Crazy Yiuf
  4072 | D:4      | Killed Crazy Yiuf
  4117 | D:4      | Noticed a phantom
  4123 | D:4      | Killed a phantom
  4124 | D:4      | Reached XP level 6. HP: 21/36 MP: 2/12
  4317 | D:4      | Killed Pikel
  4318 | D:4      | Reached skill level 7 in Conjurations
  4318 | D:4      | Reached XP level 7. HP: 24/42 MP: 1/14
  4461 | D:4      | Found a broken altar of Ashenzari.
  4474 | D:4      | Noticed Natasha
  4478 | D:4      | Killed Natasha
  4479 | D:4      | Reached skill level 5 in Dodging
  4648 | D:4      | Noticed Natasha
  4653 | D:4      | Killed Natasha
  4702 | D:4      | Noticed Natasha
  4725 | D:4      | Noticed Grinder
  4729 | D:4      | Killed Grinder
  4730 | D:4      | Reached skill level 8 in Conjurations
  4730 | D:4      | Reached XP level 8. HP: 30/48 MP: 9/15
  4852 | D:4      | Found a hide-covered altar of Uskayaw.
  4862 | D:4      | Noticed Menkaure
  5032 | D:4      | Killed Menkaure
  5187 | D:4      | Killed Natasha
  5207 | D:5      | Entered Level 5 of the Dungeon
  5394 | D:5      | Found a basalt altar of Yredelemnul.
  5494 | D:5      | Reached skill level 5 in Spellcasting
  5612 | D:5      | Reached skill level 5 in Fighting
  5838 | D:5      | Found a radiant altar of Vehumet.
  5841 | D:5      | Became a worshipper of Vehumet
  5920 | D:5      | Found a staircase to the Ecumenical Temple.
  5960 | Temple   | Entered the Ecumenical Temple
  6460 | D:6      | Reached skill level 9 in Conjurations
  6654 | D:6      | Reached XP level 9. HP: 26/54 MP: 12/18
  8254 | D:7      | Identified the +1 ring mail of Feanuo Uhusu {Regen+}
  8352 | D:7      | Found a shimmering blue altar of Sif Muna.
  8715 | D:7      | Reached skill level 10 in Conjurations
  9502 | D:8      | Reached * piety under Vehumet
  9502 | D:8      | Offered knowledge of Shock by Vehumet.
  9719 | D:8      | Reached skill level 1 in Fire Magic
  9761 | D:8      | Reached XP level 10. HP: 61/61 MP: 14/20
  9795 | D:8      | You are sucked into a shaft and drop 1 floor!
  9796 | D:9      | Noticed a two-headed ogre
  9801 | D:9      | Killed a two-headed ogre
  9807 | D:9      | Learned a level 4 spell: Iskenderun's Mystic Blast
 10247 | D:8      | Reached skill level 11 in Conjurations
 10248 | D:8      | Found a staircase to the Lair.
 11165 | D:9      | Noticed a two-headed ogre
 11171 | D:9      | Killed a two-headed ogre
 11565 | D:9      | Paralysed by a hornet for 1 turns
 12050 | D:9      | Noticed a four-headed hydra
 12064 | D:9      | Killed a four-headed hydra
 12064 | D:9      | Reached ** piety under Vehumet
 12064 | D:9      | Offered knowledge of Poisonous Vapours by Vehumet.
 12065 | D:9      | Reached skill level 5 in Fire Magic
 12065 | D:9      | Reached XP level 11. HP: 21/68 MP: 11/23
 12357 | D:9      | Identified the +0 helmet "Gikuruw" {rCorr Str+3 Int+4}
 12533 | D:10     | Entered Level 10 of the Dungeon
 12533 | D:10     | Noticed a wizard
 12762 | D:10     | Noticed Harold
 12764 | D:10     | Noticed Erica
 12768 | D:10     | Noticed Urug
 12768 | D:10     | Noticed a deep elf knight
 12773 | D:10     | HP: 1/68 [Erica collision (4)]
 12774 | D:10     | Killed from afar by a deep elf knight

Illustrated notes

Levels and vault maps discovered:
D:1:      dpeg_arrival_stonehenge_12_columns, layout_basic,
          hellmonk_ecumenical_altar_arch_garden, minmay_heptomino_w4
D:2:      layout_loops_corners, serial_shops, shop, uniq_robin, uniq_terence
D:3:      layout_loops_corners, nicolae_overflow_hidden_temple,
          nemelex_dance_club_becter, lemuel_coloured_pillars_altar
D:4:      layout_cave_pools, evilmike_ruin_ashenzari,
          nicolae_uskayaw_murder_on_the_dancefloor, uniq_crazy_yiuf_cottage,
          uniq_menkaure, uniq_natasha, uniq_grinder, uniq_pikel
D:5:      layout_basic, lemuel_doored_altar, amcnicky_altar_gilded,
          minmay_temple_entry_statues
D:6:      layout_cave_pools, grunt_tough_drop
D:7:      layout_basic, overflow_temple_1_default, grunt_ministairs_11
D:8:      layout_basic, erik_lair_island
D:9:      layout_gridville
D:10:     layout_loops_corners, chequers_temple_overflow_minitemple,
          serial_shops, shop, kennysheep_diamond, nrook_mini_backslash,
          sword_in_stone
Temple:   nicolae_temple_figure_zero

Skill      XL: |  1  2  3  4  5  6  7  8  9 10 11 |
---------------+----------------------------------+-----
Fighting       | 1 2 3 4 5 6 8 |  8.3
Dodging        | 3 4 5 6 7 |  7.6
Conjurations   | 6 7 8 9 10 11 | 11.9
Spellcasting   | 3 4 5 6 7 8 |  8.0
Fire Magic     | 1 5 |  5.3
Stealth        | |  2.0

Action                   |  1- 3 |  4- 6 |  7- 9 | 10-12 || total
-------------------------+-------+-------+-------+-------++-------
Melee: Club              |     3 |       |       |       ||     3
       Peck              |     3 |    10 |     1 |     6 ||    20
       Dagger            |    27 |    71 |       |       ||    98
       Kick              |     5 |    16 |     2 |     2 ||    25
       Quarterstaff      |       |     6 |     9 |    19 ||    34
 Cast: Magic Dart        |    42 |     2 |     9 |    13 ||    66
       Searing Ray       |     2 |    10 |    53 |    30 ||    95
       Iskenderun's Myst |       |       |       |     5 ||     5
 Stab: Sleeping          |     2 |     4 |       |       ||     6
Armor: Robe              |     5 |    11 |     3 |     6 ||    25
Dodge: Dodged            |    14 |    55 |    33 |    47 ||   149

Table legend: (Time is in decaauts)
 A = Elapsed time spent in this place.
 B = Non-inter-level travel time spent in this place.
 C = Inter-level travel time spent in this place.
 D = Time resting spent in this place.
 E = Time spent auto-exploring this place.
 F = Levels seen in this place.
 G = Mean time per level.
                   A        B        C        D        E       F      G
               +--------+--------+--------+--------+--------+-----+--------+
         Total |  12273 |  11887 |    386 |    516 |   9903 |  11 | 1115.7 |
       Dungeon |  12160 |  11783 |    377 |    516 |   9801 |  10 | 1216.0 |
        Temple |    112 |    104 |      8 |      0 |    102 |   1 |  112.0 |
               +--------+--------+--------+--------+--------+-----+--------+

Top non-repeatable levels by time:
     D:9: 1653 daAuts
     D:7: 1556 daAuts
     D:2: 1449 daAuts
     D:8: 1381 daAuts
     D:1: 1307 daAuts
     D:4: 1279 daAuts
     D:5: 1247 daAuts
     D:3: 1048 daAuts
     D:6: 1031 daAuts
    D:10: 204 daAuts
  Temple: 112 daAuts
